 Dungeon Crawl Stone Soup version 0.31.0-11-ge490571c62 (webtiles) character file.

Game seed: 1111845188462466784

968 Heoruswealwe the Thaumaturge (level 7, -6/36 HPs)
             Began as a Deep Elf Conjurer on Feb 8, 2024.
             Was a Follower of Vehumet.
             Killed from afar by a steam dragon (9 damage)
             ... with a ball of steam
             ... on level 6 of the Dungeon.
             The game lasted 00:47:12 (5600 turns).

Heoruswealwe the Thaumaturge (Deep Elf Conjurer)    Turns: 5600, Time: 00:47:13

Health: -6/36      AC:  3    Str:  1 (4)  XL:     7   Next: 93%
Magic:  1/30       EV: 12    Int: 24 (25) God:    Vehumet [*.....]
Gold:   246        SH:  0    Dex: 10 (13) Spells: 12/24 levels left

rFire   . . .        a - +0 rapier
rCold   . . .        (no shield)
rNeg    . . .        c - +0 robe
rPois   .            g - +0 helmet
rElec   .            (no cloak)
rCorr   .            (no gloves)
SInv    .            (no boots)
Will    .....        (no amulet)
Stlth   ++           k - ring of flight
HPRegen 0.26/turn    j - ring of magical power
MPRegen 0.22/turn

%: no passive effects
@: flying, very slightly contaminated
A: no striking features
a: Renounce Religion


You were on level 6 of the Dungeon.
You worshipped Vehumet.
Vehumet was aware of your devotion.
You visited 2 branches of the dungeon, and saw 7 of its levels.
You also visited: Sewer.

You collected 246 gold pieces.

Inventory:

Hand Weapons
 a - a +0 rapier (weapon)
 b - a +0 war axe
Armour
 c - a +0 robe (worn)
 g - a +0 helmet (worn)
 l - a +0 robe
 u - a +0 robe
 y - a +0 robe
 F - a +0 robe
 G - a +0 robe
Jewellery
 j - a ring of magical power (right hand)
 k - a ring of flight (left hand)
Wands
 v - a wand of flame (16)
 H - a wand of charming (13)
Scrolls
 d - 3 scrolls of identify {unknown}
 i - a scroll of noise {unknown}
 n - a scroll of blinking {unknown}
 o - a scroll of summoning {unknown}
 t - 2 scrolls of revelation {unknown}
 w - 4 scrolls of fog {unknown}
 x - a scroll of fear {unknown}
 A - a scroll of brand weapon {unknown}
 B - a scroll of poison {unknown}
 C - 3 scrolls of vulnerability {unknown}
Potions
 e - a potion of invisibility {unknown}
 f - 3 potions of might {unknown}
 h - 5 potions of degeneration
 m - 3 potions of curing {unknown}
 p - a potion of brilliance {unknown}
 q - a potion of lignification {unknown}
 r - 2 potions of cancellation {unknown}
 s - 2 potions of magic
 z - a potion of mutation {unknown}
 D - a potion of attraction {unknown}
 E - 3 potions of heal wounds {unknown}


   Skills:
 - Level 2.4 Dodging
 - Level 2.4 Stealth
 + Level 9.0 Spellcasting
 + Level 8.3 Conjurations


You had 12 spell levels left.
You knew the following spells:

 Your Spells              Type           Power      Damage    Failure   Level
a - Magic Dart            Conj           100%       1d8       1%          1
b - Sting                 Conj/Alch      100%       1d9       1%          1
c - Searing Ray           Conj           100%       2d8       1%          2
d - Iskenderun's Mystic   Conj/Tloc      30%        2d8       11%         4
e - Fulminant Prism       Conj/Alch      15%        3d10      11%         4

Your spell library contained the following spells:

 Spells                   Type           Power      Damage    Failure   Level
 Necrotise                Necr           40%        1d6       6%          1
 Tukima's Dance           Hex            10%        N/A       17%         3
 Vampiric Draining        Necr           10%        2d6       17%         3
 Dimensional Bullseye     Hex/Tloc       5%         N/A       50%         4
 Martyr's Knell           Necr/Summ      10%        N/A       50%         4
 Curse of Agony           Necr           10%        N/A       85%         5


Dungeon Overview and Level Annotations

Branches:
Dungeon (6/15)             Temple (1/1) D:4           Sewer (visited)

Altars:
Ashenzari
Cheibriados
Dithmenos
Elyvilon
Fedhas
Gozag
Hepliaklqana
Kikubaaqudgha
Nemelex Xobeh
Okawaru
Qazlal
Ru
Sif Muna
Uskayaw
Vehumet
Wu Jian
Xom
Yredelemnul
Zin
The Shining One


Message History

You hear a shout!
The steam dragon breathes steam at you. The ball of steam misses you.
You hear a shout!
Casting: Searing Ray (safe; 1% risk of failure)
Confirm with . or Enter, or press ? or * to list all spells.
You miscast Iskenderun's Mystic Blast.
You are very lightly contaminated with residual magic.
Nothing appears to happen.
The steam dragon barely misses you. The steam dragon claws you.
Casting: Iskenderun's Mystic Blast (quite dangerous; 10% risk of failure)
Confirm with . or Enter, or press ? or * to list all spells.
You erupt in a blast of force!
The mystic blast hits the steam dragon!
The steam dragon is heavily wounded.
The steam dragon is knocked back by the mystic blast.
Casting: Iskenderun's Mystic Blast (quite dangerous; 10% risk of failure)
Confirm with . or Enter, or press ? or * to list all spells.
Aiming: Searing Ray (safe; 1% risk of failure)
Press: ? - help, Shift-Dir - straight line, f/p - steam dragon
Aim: a steam dragon (steam, heavily wounded, 83% to hit)
The searing ray hits the steam dragon.
The steam dragon is severely wounded. (Press . to maintain the ray.)
The steam dragon breathes steam at you. The ball of steam hits you!
* * * LOW HITPOINT WARNING * * *
You hear a shout!
Okay, then.
Casting: Searing Ray (safe; 1% risk of failure)
Confirm with . or Enter, or press ? or * to list all spells.
You erupt in a blast of force!
The mystic blast hits the steam dragon but does no damage.
The steam dragon is heavily wounded.
The steam dragon barely misses you. The steam dragon misses you.
It was a potion of degeneration.
There was something very wrong with that liquid.
You feel weakened.
You feel dopey.
You feel clumsy. The steam dragon breathes steam at you.
The ball of steam hits you!
You die...

##..##.#.#.....#.##.#
##...........#......##
# .....#.)...###...
..................
.......##.....##.#
#.....# ##........
##...# #...##..#.
......###.......#
.......@§.........
.......D§.##......
.........## ......
.##....... ......
##....... ......
#........ .....
#......... ...........


You could see a steam dragon (catching breath).

Vanquished Creatures
  A black bear (D:4)
  A phantom (D:4)
  A gnoll sergeant (D:5)
  A scorpion (D:6)
  A bullfrog (D:6)
  3 hounds
  5 iguanas
  A sleepcap (D:4)
  2 orc wizards
  A hell rat (Sewer)
  4 gnolls (D:5)
  5 river rats
  7 adders
  A shadow imp (D:6)
  2 dart slugs (D:5)
  7 ribbon worms
  16 orcs
  5 bats
  8 endoplasms
  3 giant cockroaches
  10 goblins
  7 hobgoblins
  7 jackals
  3 kobolds
  4 quokkas
  10 ball pythons
  3 frilled lizards (D:1)
  14 rats
133 creatures vanquished.

Notes
Turn   | Place    | Note
-------+----------+-------------------------------------------
     0 | D:1      | Heoruswealwe the Deep Elf Conjurer began the quest for the
                  | Orb.
     0 | D:1      | Reached XP level 1. HP: 10/10 MP: 6/6
   256 | D:1      | Found a faded altar of an unknown god.
   448 | D:1      | Reached XP level 2. HP: 15/15 MP: 0/8
   451 | D:1      | Learned a level 2 spell: Searing Ray
   877 | D:1      | Reached skill level 4 in Spellcasting
   951 | D:1      | Reached skill level 5 in Conjurations
   951 | D:1      | Reached XP level 3. HP: 19/19 MP: 5/10
  1516 | D:1      | You are sucked into a shaft and drop 1 floor!
  1608 | D:2      | Reached XP level 4. HP: 24/24 MP: 4/12
  1692 | D:2      | Learned a level 4 spell: Fulminant Prism
  1697 | D:2      | Learned a level 4 spell: Iskenderun's Mystic Blast
  2045 | D:3      | Reached skill level 5 in Spellcasting
  2061 | D:3      | Found a glowing drain.
  2073 | Sewer    | Entered a sewer
  2110 | Sewer    | Reached XP level 5. HP: 2/28 MP: 14/14
  3628 | D:4      | Reached skill level 6 in Spellcasting
  3791 | D:4      | Reached XP level 6. HP: 22/32 MP: 9/17
  4077 | D:4      | Found a staircase to the Ecumenical Temple.
  4082 | Temple   | Entered the Ecumenical Temple
  4086 | Temple   | Became a worshipper of Vehumet
  4106 | D:4      | Reached skill level 7 in Spellcasting
  4148 | D:4      | Found a sparkling altar of Nemelex Xobeh.
  4500 | D:5      | Entered Level 5 of the Dungeon
  4524 | D:5      | Reached XP level 7. HP: 36/36 MP: 20/20
  4617 | D:5      | Found a shadowy altar of Dithmenos.
  4881 | D:5      | Reached skill level 8 in Spellcasting
  5033 | D:5      | Reached * piety under Vehumet
  5033 | D:5      | Offered knowledge of Sting by Vehumet.
  5043 | D:5      | Learned a level 1 spell: Sting
  5113 | D:5      | Found an iron altar of Okawaru.
  5194 | D:5      | Found a hazy altar of Hepliaklqana.
  5587 | D:6      | Noticed a steam dragon
  5592 | D:6      | Reached skill level 9 in Spellcasting
  5600 | D:6      | Killed from afar by a steam dragon

Illustrated notes

Levels and vault maps discovered:
D:1:      minmay_arrival_solitary_statue, layout_loops_corners,
          shapermc_ecumenical_altar_gd
D:2:      minmay_spotlight, layout_loops_ring, kennysheep_small_spiral
D:3:      layout_basic, portal_sewer_entry_e, kennysheep_generic_room_12
D:4:      layout_layer_cave, nemelex_dance_club_becter, temple_doors_ab
D:5:      layout_basic, nicolae_dithmenos_shadow_blocks,
          mainiacjoe_overflow_six_doors_small, nicolae_hepliaklqana_hippocampus
D:6:      layout_cave_pools
Temple:   kb_temple_of_zot

Skill      XL: |  1  2  3  4  5  6  7 |
---------------+----------------------+-----
Spellcasting   | 4 5 6 7 9 |  9.0
Conjurations   | 5 6 7 8 |  8.3
Dodging        | |  2.4
Stealth        | |  2.4

Action                     |  1- 3 |  4- 6 |  7- 9 || total
---------------------------+-------+-------+-------++-------
  Melee: Unarmed           |    65 |       |       ||    65
         Punch             |     1 |       |       ||     1
         Dagger            |     1 |     7 |       ||     8
         Rapier            |       |       |     3 ||     3
   Cast: Magic Dart        |    56 |   102 |    46 ||   204
         Searing Ray       |     7 |    15 |    14 ||    36
         Iskenderun's Myst |       |       |     2 ||     2
    Use: Potion            |       |     1 |     1 ||     2
 Armour: Robe              |     9 |    19 |    15 ||    43
  Dodge: Dodged            |    11 |    29 |    18 ||    58
